 Dungeon Crawl Stone Soup version bcrawl-1.21.3 (webtiles) character file.

Game seed: 624609135466899568

303 Freyura the Skirmisher (level 6, -7/41 HPs)
             Began as a Gargoyle Fighter on Mar 28, 2020.
             Mangled by an ogre
             ... wielding a +0 giant club
              (10 damage)
             ... on level 3 of the Dungeon.
             The game lasted 00:07:27 (3022 turns).

Freyura the Skirmisher (Gargoyle Fighter)           Turns: 3022, Time: 00:07:28

Health: -7/41      AC: 15    Str: 19    XL:     6   Next: 38%
Magic:  6/6        EV: 12    Int:  9    God:
Gold:   217        SH: 10    Dex: 16    Spells: 5/5 levels left

rFire    + . .     SeeInvis .   a - +0 flail
rCold    . . .     Gourm    .   c - +0 medium shield
rNeg     + . .     Faith    .   x - +0 chain mail
rPois    ∞         Spirit   .   (no helmet)
rElec    +         Reflect  .   (no cloak)
rCorr    .         Harm     .   q - +0 pair of gloves
MR       .....                  (no boots)
Stlth    ..........             (no amulet)
HPRegen  0.13/turn              h - ring of flight
MPRegen  0.10/turn              (no ring)

@: agile
A: blink, fire resistance 1, negative energy resistance 1, robust 1, electricity
resistance, unbreathing, petrification resistance, rot immunity, sturdy frame 1,
AC +4
a: Blink, Evoke Flight


You were on level 3 of the Dungeon.
You were not hungry.

You visited 1 branch of the dungeon, and saw 4 of its levels.

You collected 217 gold pieces.

Inventory:

Hand Weapons
 a - a +0 flail (weapon)
Armour
 b - a +0 scale mail
 c - a +0 medium shield (worn)
 q - a +0 pair of gloves (worn)
 x - a +0 chain mail (worn)
Jewellery
 h - a ring of flight (left hand)
Wands
 y - a wand of iceblast (6)
Scrolls
 g - a scroll of identify
 j - 3 scrolls of teleportation {unknown}
 m - a scroll of enchant weapon {unknown}
 n - a scroll of magic mapping {unknown}
 s - 2 scrolls of amnesia {unknown}
 t - a scroll of enchant armour {unknown}
 v - a scroll of immolation {unknown}
 w - a scroll of remove curse {unknown}
Potions
 d - a potion of might
 f - a potion of brilliance
 i - 2 potions of curing
 k - a potion of cancellation
 l - a potion of lignification
 o - 2 potions of agility
 p - a potion of heal wounds {unknown}
 r - a potion of haste {unknown}
 u - a potion of mutation
Comestibles
 e - 5 rations {!d}


   Skills:
 + Level 4.3 Fighting
 * Level 4.0 Maces & Flails
 + Level 4.2 Armour
 + Level 1.8 Dodging
 + Level 4.2 Shields


You had 5 spell levels left.
You didn't know any spells.
Your spell library was empty.

Dungeon Overview and Level Annotations

Branches:
Dungeon (4/12)
 Temple: D:4-7

Altars:
Cheibriados
Elyvilon
Trog
Uskayaw


Innate Abilities, Weirdness & Mutations

You are resistant to torment.
Your stone body is resilient. (AC +4)
You are immune to poison.
You resist negative energy. (rN+)
You are resistant to electric shocks. (rElec)
You can survive without breathing.
You are immune to petrification.
You are immune to rotting.
You can translocate small distances at will.
Your flesh is heat resistant. (rF+)
You are robust. (+10% HP)
Your movements are slightly less encumbered by armour. (ER -2)


Message History

You hit the ogre.
The ogre is lightly wounded.
The ogre hits you with a +0 giant club.
* * * LOW HITPOINT WARNING * * *
You sock the ogre!
The ogre is heavily wounded.
You block the ogre's attack.
You hit the ogre.
The ogre is heavily wounded.
You block the ogre's attack.
You hit the ogre.
The ogre is severely wounded.
The ogre closely misses you.
Your shield and chain mail prevent you from hitting the ogre.
The ogre is severely wounded.
The ogre misses you.
You hit the ogre.
The ogre is almost dead.
The ogre hits you with a +0 giant club!
You die...

....# #.......#.#
....#
#############.#
....# #.....# #.#
....######.###.#####
#.### ###......#.#
#..†..# #...#
###......#.# #####.#
###.# ..'......'.#
#.# #.#
###......#########.#
#.#
...............O@#.#
#.#
.#################.#
#.# )# #.....<..#
#.# #.# .#
#......#.# #.# #.#
.#############.# #.#
#.# ...)...........#
#.#####.#
################
#.......# #########


You could see an ogre.

Vanquished Creatures
  A crimson imp (D:3)
  Jessica (D:2)
  An iguana (D:3)
  An orc wizard (D:3)
  A worker ant (D:3)
  3 adders (D:3)
  4 gnolls (D:3)
  An ooze (D:2)
  2 worms (D:2)
  4 dart slugs
  6 leopard geckos
  7 orcs (D:3)
  2 ball pythons
  3 giant cockroaches
  7 hobgoblins
  2 jackals (D:1)
  6 kobolds
  3 quokkas (D:3)
  4 bats
  A frilled lizard (D:1)
  11 goblins
  7 rats
78 creatures vanquished.

Notes
Turn   | Place    | Note
-------+----------+-------------------------------------------
     0 | D:1      | Freyura the Gargoyle Fighter began the quest for the Orb.
     0 | D:1      | Reached XP level 1. HP: 14/14 MP: 1/1
   243 | D:1      | Reached XP level 2. HP: 19/19 MP: 2/2
   449 | D:1      | Reached XP level 3. HP: 23/23 MP: 3/3
   923 | D:2      | Noticed Jessica
   929 | D:2      | Killed Jessica
   929 | D:2      | Reached skill level 1 in Dodging
   929 | D:2      | Reached XP level 4. HP: 28/29 MP: 4/4
  1147 | D:2      | Found a snail-covered altar of Cheibriados.
  1148 | D:2      | Found a bloodstained altar of Trog.
  1148 | D:2      | Found a hide-covered altar of Uskayaw.
  1156 | D:2      | Found a white marble altar of Elyvilon.
  1826 | D:3      | Reached XP level 5. HP: 33/33 MP: 5/5
  2235 | D:3      | Reached XP level 6. HP: 38/38 MP: 6/6
  2702 | D:3      | Gained mutation: Your flesh is heat resistant. (rF+)
                  | [potion of mutation]
  2702 | D:3      | Gained mutation: Your movements are slightly less
                  | encumbered by armour. (ER -2) [potion of mutation]
  2702 | D:3      | Gained mutation: You are robust. (+10% HP) [potion of
                  | mutation]
  2702 | D:3      | Gained mutation: You can translocate small distances at
                  | will. [potion of mutation]
  2712 | D:3      | HP: 2/41 [crimson imp (2)]
  2724 | D:3      | HP: 2/41 [crimson imp (2)]
  3017 | D:3      | HP: 2/41 [ogre/+0 giant club (6)]
  3022 | D:3      | Mangled by an ogre

Skill      XL: |  1  2  3  4  5  6 |
---------------+-------------------+-----
Maces & Flails | 3 4 |  4.0
Dodging        | 1 |  1.8
Fighting       | 4 |  4.3
Shields        | 4 |  4.2
Armour         | 4 |  4.2

Action                   |  1- 3 |  4- 6 || total
-------------------------+-------+-------++-------
Melee: Flail             |   130 |   178 ||   308
  Use: Potion            |       |     4 ||     4
       Scroll            |       |     5 ||     5
  Eat: Chunk             |       |     7 ||     7
Armor: Scale mail        |    72 |    46 ||   118
       Chain mail        |       |    23 ||    23
Dodge: Dodged            |    49 |    70 ||   119
Block: Medium shield     |    91 |    73 ||   164
